Map: King Sejong Station LE

Players

FräsFläskarN

  • Race: Terran Terran
  • League: Master

Drager - Winner!

  • Race: Protoss Protoss
  • League: Master

VOD

Have the link to the VOD?

Description

Time

  • Played on: June 20, 2016, 9:58 a.m.
  • Length: 11:17
Show
View Real Time Build Order
Export as new Build Order

FräsFläskarN Terran 

Build Orders: Reaper Expand, MMM Bio 

Get SALT Encoding   

  12  0:05  SCV  
  13  0:17  SCV  
  14  0:21  Supply Depot  
  14  0:29  SCV  
  15  0:43  SCV  
  15  0:44  Barracks  
  15  0:46  Refinery  
  16  0:55  SCV  
  17  1:07  SCV  
  18  1:19  SCV  
  19  1:33  Orbital Command, Reaper  
  20  1:46  Command Center  
  20  1:58  Barracks  
  20  1:59  SCV  
  21  2:06  Barracks Reactor  
  21  2:14  SCV  
  22  2:20  Supply Depot  
  22  2:29  Refinery, Factory  
  22  2:30  SCV  
  23  2:41  Marine  
  23  2:42  Marine  
  23  2:44  SCV  
  26  2:56  Barracks Tech Lab  
  26  2:57  SCV  
  27  2:59  Marine x2  
  27  3:02  Orbital Command  
  28  3:16  Marine  
  28  3:17  Marine  
  29  3:20  SCV  
  29  3:28  Starport  
  29  3:29  Stimpack  
  29  3:33  SCV  
  30  3:40  Marine x2  
  32  3:43  SCV  
  32  3:46  Factory Reactor  
  33  3:50  SCV  
  33  3:55  SCV, Marine  
  35  3:59  Supply Depot  
  35  4:01  Marine  
  35  4:02  Marine  
  38  4:04  SCV  
  38  4:08  SCV  
  40  4:16  SCV, Engineering Bay  
  41  4:18  Marine  
  41  4:19  Marine x2  
  44  4:24  SCV  
  44  4:28  Medivac  
  44  4:29  SCV  
  44  4:30  Medivac  
  50  4:34  Supply Depot  
  50  4:36  SCV  
  51  4:40  Marine  
  51  4:41  SCV, Marine  
  54  4:48  Terran Infantry Weapons Level 1  
  54  4:51  SCV, Marine  
  56  4:53  SCV  
  57  5:03  SCV  
  57  5:04  Marine x2  
  57  5:05  Medivac x2  
  57  5:06  Widow Mine  
  64  5:08  SCV  
  67  5:14  Supply Depot, Marine  
  67  5:17  Supply Depot  
  67  5:21  SCV x2  
  70  5:24  Refinery  
  70  5:30  Combat Shields  
  70  5:36  SCV x2, Marine x2  
  70  5:38  Supply Depot  
  74  5:50  Command Center  
  74  6:01  Barracks x2  
  74  6:03  Factory Tech Lab  
  74  6:04  Marauder, Marine  
  74  6:08  SCV x2  
  74  6:11  Marine  
  80  6:18  Barracks  
  80  6:22  Marine  
  81  6:26  Medivac x2  
  81  6:27  SCV  
  81  6:28  SCV  
  81  6:30  Factory Tech Lab  
  87  6:33  Supply Depot  
  87  6:35  Marauder  
  90  6:40  SCV x2  
  90  6:44  Marine  
  90  6:45  Marine  
  93  6:49  Refinery  
  93  6:52  SCV  
  94  6:54  Supply Depot  
  94  6:55  SCV  
  94  6:57  Supply Depot  
  95  7:02  Factory Reactor  
  95  7:14  Marine  
  95  7:15  Marauder x2, Marine, Barracks Reactor  
  97  7:20  SCV x2  
  95  7:24  Terran Infantry Armor Level 1  
  95  7:27  Armory, Marauder, Engineering Bay, Concussive Shells  
  97  7:32  Marine x2  
  97  7:36  Marine x2  
  99  7:37  SCV  
  99  7:38  SCV  
  96  7:48  Marine  
  96  7:50  Marine  
  96  7:52  Orbital Command  
  96  7:53  SCV x2, Marine x4  
  96  7:54  Marine  
  96  7:56  Widow Mine  
  105  8:05  Marine  
  105  8:06  Supply Depot  
  105  8:08  Marine  
  105  8:10  Medivac x2  
  111  8:14  Marine  
  111  8:15  Marauder, Marine  
  115  8:22  Marauder, Marine  
  115  8:23  Marine  
  115  8:25  Widow Mine  
  115  8:26  Widow Mine  
  123  8:29  SCV x3  
  123  8:33  Supply Depot  
  126  8:36  Marauder, Terran Infantry Weapons Level 2  
  126  8:38  Terran Ship Weapons Level 1  
  128  8:41  Marine  
  128  8:42  Marauder  
  128  8:44  Starport  
  128  8:45  Marauder  
  128  8:48  Marine x3  
  133  8:53  Supply Depot  
  136  8:58  Marauder  
  138  9:05  Marauder, Marine  
  138  9:06  Marine  
  138  9:07  Marauder  
  144  9:10  Marine x2  
  146  9:19  Marauder  
  146  9:20  Liberator  
  146  9:23  Marine  
  143  9:24  Liberator  
  143  9:25  Marine  
  143  9:27  Marauder  
  143  9:28  Marauder, Marine  
  143  9:29  Starport Reactor  
  143  9:31  Supply Depot, SCV x2, Fusion Core  
  151  9:32  Ghost Academy  
  151  9:33  Command Center  
  151  9:35  Widow Mine x2, Marine  
  157  9:41  Marauder  
  161  10:01  Marauder, Marine  
  161  10:02  Marine x3  
  167  10:11  Marine  
  167  10:12  Marauder  
  166  10:16  Liberator  
  166  10:19  Marine  
  166  10:20  Marine  
  159  10:28  Marauder, Marine x2  
  151  10:30  Marauder  
  156  10:36  Marine  
  156  10:38  Marine  
  156  10:41  Supply Depot  
  154  10:45  Refinery  
  154  10:46  Refinery  
  154  10:48  Barracks Tech Lab  
Show
View Real Time Build Order
Export as new Build Order

Drager Protoss - Winner!

Build Orders: 1 Gate Expand, Blink Stalkers 

Get SALT Encoding   

  12  0:01  Probe (Chrono Boost)  
  13  0:11  Probe (Chrono Boost)  
  14  0:18  Pylon  
  14  0:22  Probe (Chrono Boost)  
  15  0:36  Gateway, Probe (Chrono Boost)  
  16  0:46  Probe (Chrono Boost), Assimilator  
  17  0:57  Probe (Chrono Boost)  
  18  1:08  Probe (Chrono Boost)  
  19  1:19  Nexus  
  19  1:30  Cybernetics Core  
  20  1:33  Probe (Chrono Boost)  
  20  1:36  Assimilator  
  20  1:43  Probe (Chrono Boost)  
  21  1:47  Pylon  
  22  2:07  Mothership Core (Chrono Boost)  
  22  2:08  Adept  
  25  2:16  Warp Gate  
  25  2:29  Probe (Chrono Boost)  
  26  2:31  Probe (Chrono Boost)  
  26  2:36  Robotics Facility  
  27  2:39  Probe (Chrono Boost)  
  27  2:42  Probe (Chrono Boost)  
  29  2:50  Probe (Chrono Boost)  
  30  2:52  Probe (Chrono Boost)  
  31  3:00  Probe (Chrono Boost)  
  31  3:03  Probe (Chrono Boost), Twilight Council  
  33  3:11  Probe (Chrono Boost)  
  33  3:13  Probe (Chrono Boost)  
  33  3:21  Probe (Chrono Boost)  
  33  3:24  Probe (Chrono Boost)  
  35  3:30  Observer  
  35  3:32  Gateway, Probe (Chrono Boost)  
  35  3:33  Gateway  
  37  3:34  Probe (Chrono Boost)  
  36  3:42  Probe (Chrono Boost)  
  36  3:44  Probe (Chrono Boost)  
  38  3:48  Pylon  
  38  3:52  Blink (Chrono Boost)  
  38  3:53  Probe  
  38  3:54  Probe  
  40  3:55  Observer  
  41  4:03  Assimilator  
  41  4:04  Probe  
  41  4:05  Probe  
  43  4:15  Probe  
  44  4:17  Probe  
  45  4:24  Observer  
  45  4:25  Probe  
  45  4:27  Nexus  
  45  4:28  Pylon  
  47  4:44  Stalker x3, Probe  
  53  4:46  Probe  
  53  4:48  Pylon  
  55  4:59  Forge  
  55  5:08  Stalker x3  
  55  5:12  Probe  
  55  5:13  Probe  
  63  5:25  Pylon  
  63  5:29  Gateway  
  63  5:32  Gateway, Stalker x3  
  63  5:35  Probe  
  70  5:41  Probe  
  71  5:45  Probe  
  71  5:47  Probe  
  73  5:50  Gateway  
  73  5:51  Probe  
  73  5:55  Probe  
  75  5:57  Resonating Glaives (Chrono Boost)  
  75  5:59  Probe  
  75  6:02  Adept x3, Probe  
  83  6:06  Probe  
  84  6:12  Probe x2  
  84  6:16  Probe  
  87  6:19  Protoss Ground Armor Level 1  
  87  6:21  Immortal (Chrono Boost)  
  87  6:24  Sentry  
  93  6:29  Pylon  
  93  6:31  Pylon  
  93  6:33  Pylon  
  93  6:44  Assimilator  
  96  6:47  Probe x3, Assimilator  
  96  6:52  Adept x5  
  106  6:58  Immortal (Chrono Boost)  
  106  6:59  Probe x2  
  105  7:10  Probe  
  105  7:13  Probe  
  105  7:14  Probe  
  101  7:19  Stalker x3  
  101  7:20  Stalker x3  
  113  7:22  Probe  
  113  7:26  Probe  
  115  7:41  Immortal (Chrono Boost)  
  111  7:46  Probe  
  111  7:48  Probe x2  
  114  7:51  Adept  
  114  7:56  Pylon  
  114  7:57  Pylon  
  114  7:58  Probe  
  117  7:59  Pylon  
  117  8:00  Pylon  
  117  8:01  Pylon  
  117  8:03  Pylon  
  117  8:10  Gateway  
  117  8:12  Gateway  
  117  8:14  Probe  
  117  8:15  Warp Prism (Chrono Boost)  
  120  8:22  Adept x5  
  120  8:23  Adept  
  132  8:40  Pylon  
  132  8:44  Adept x2  
  132  8:45  Adept x4  
  132  8:46  Observer (Chrono Boost)  
  145  8:54  Probe x2  
  147  8:56  Pylon  
  147  9:06  Adept x6  
  147  9:09  Stalker x2  
  160  9:29  Warp Prism (Chrono Boost)  
  162  9:32  Stalker x4  
  162  9:33  Adept x4  
  178  9:51  Pylon  
  178  10:00  Adept  
  178  10:05  Pylon  
  178  10:06  Pylon  
  180  10:09  Pylon  
  180  10:12  Pylon  
  180  10:14  Adept x4  
  186  10:28  Adept x3  
  186  10:29  Adept  
  186  10:55  Adept x7  
  186  10:56  Adept  
Tags
 
Add a new tag
Caveats
  • Supply blocks, unpowered buildings, or Contaminate may cause inaccurate times.
  • Supply counts are checked every 10 seconds.